 Dungeon Crawl Stone Soup version 0.10-a0-1668-gf1eeef9 character file.

16220 vogonpoet the Grappler (level 11, -7/93 HPs)
             Began as a Troll Earth Elementalist on Nov 1, 2011.
             Was a High Priest of Cheibriados.
             Mangled by nooodl's ghost (19 damage)
             ... on Level 3 of the Lair of Beasts on Nov 2, 2011.
             The game lasted 01:51:54 (13813 turns).

vogonpoet the Grappler (Troll Earth Elementalist)  Turns: 13813, Time: 01:51:54

HP  -7/93        AC 15     Str 32      XL: 11   Next: 90%
MP   0/16        EV  8     Int 32      God: Cheibriados [*****.]
Gold 785         SH  0     Dex 24      Spells:  4 memorised,  7 levels left

Res.Fire  : . . .   See Invis. : .     - Unarmed
Res.Cold  : . . .   Warding    : . . N - +0 swamp dragon hide
Life Prot.: . . .   Conserve   : .   (shield restricted)
Res.Acid. : . . .   Res.Corr.  : .   (helmet restricted)
Res.Poison: +       Clarity    : .   q - +0 elf cloak
Res.Elec. : .       Spirit.Shd : .   (gloves unavailable)
Sust.Abil.: . .     Stasis     : .   (boots unavailable)
Res.Mut.  : .       Ctrl.Telep.: .   (no amulet)
Res.Rott. : .       Levitation : .   z - +4 ring of protection
Gourmand  : +       Ctrl.Flight: .   w - cursed +4 ring of intelligence

@: stone skin, about to teleport, very slow, somewhat resistant to hostile
enchantments, fairly stealthy
A: unfitting armour, claws 3, fast metabolism 3, gourmand, regeneration 2,
saprovore 2, tough skin 2, AC +1
a: Bend Time, Temporal Distortion, Slouch, Step From Time, Renounce Religion


You were on level 3 of the Lair of Beasts.
You worshipped Cheibriados.
Cheibriados was exalted by your worship.
You were very full.

You visited 3 branches of the dungeon, and saw 15 of its levels.

You collected 909 gold pieces.
You spent 144 gold pieces at shops.

Inventory:

Hand weapons
 d - a +0 blowgun
 p - a +0,+2 whip of flaming
Missiles
 b - 75 +0 stones
 j - 14 curare-tipped +0 needles
 s - 15 +0 darts of flame (quivered)
 D - 11 +4 darts of flame
 G - 4 +0 needles of confusion
 R - 55 poisoned +0 needles
Armour
 c - a +1 orcish robe of magic resistance
 q - a +0 elven cloak (worn)
 N - a +0 swamp dragon hide (worn)
Magical devices
 g - a wand of fire (8)
 v - a wand of teleportation (3)
 I - a wand of confusion (9) {unknown}
 O - a wand of lightning (10)
 S - a wand of digging (6)
 T - a wand of cold (6)
Comestibles
 a - a meat ration
 f - a bread ration
Scrolls
 e - a scroll of teleportation
 h - a scroll of identify
 l - 2 scrolls of detect curse
 u - 2 scrolls of remove curse
 A - a scroll of fog {unknown}
 E - 3 scrolls of summoning {unknown}
 V - 2 scrolls of fear
 Z - a scroll of blinking
Jewellery
 w - a cursed +4 ring of intelligence (left claw)
 y - a cursed ring of teleportation {unknown}
 z - a +4 ring of protection (right claw)
 J - an uncursed ring of protection from cold {unknown}
 W - an uncursed ring of levitation
Potions
 i - 5 potions of curing
 k - a potion of restore abilities
 m - a potion of berserk rage {unknown}
 n - 2 potions of might
 o - a potion of speed
 r - 2 potions of paralysis {unknown}
 t - a potion of brilliance {unknown}
 B - 2 potions of agility {unknown}
 C - a potion of heal wounds
 F - 2 potions of levitation
 H - a potion of degeneration {unknown}
 K - 3 potions of slowing {unknown}
Books
 U - a book of the Earth

   Spells                             Type                      Level
   Dig                                Transmutation/Earth          4
   Leda's Liquefaction                Transmutation/Earth          4
   Bolt of Magma                      Conjuration/Fire/Earth       5
   Statue Form                        Transmutation/Earth          6
   Iron Shot                          Conjuration/Earth            6
   Shatter                            Earth                        9


   Skills:
 - Level 3 Fighting
 - Level 2 Throwing
 + Level 1 Armour
 - Level 1 Dodging
 - Level 1 Stealth
 - Level 2 Stabbing
 + Level 13 Unarmed Combat
 - Level 3 Spellcasting
 - Level 1 Charms
 - Level 3 Translocations
 - Level 2 Transmutations
 * Level 9 Earth Magic
 + Level 5 Invocations


You had 7 spell levels left.
You knew the following spells:

 Your Spells              Type           Power        Success   Level  Hunger
a - Stoneskin             Erth/Trmt      ######....   Excellent   2    None
b - Blink                 Tloc           N/A          Great       2    None
c - Stone Arrow           Erth/Conj      #####..      Great       3    Choko
s - Shroud of Golubria Chrm/Tloc ####......     Very         Good        2    None

Dungeon Overview and Level Annotations

Branches:
Dungeon (11/27)            Temple (1/1) D:7             Orc (0/4) D:7
   Lair (3/8) D:11
  Swamp: Lair:2-5    Shoals: Lair:3-6     Snake: Lair:3-6

Altars:
Ashenzari
Cheibriados
Elyvilon
Fedhas
Kikubaaqudgha
Makhleb
Nemelex Xobeh
Okawaru
Sif Muna
The Shining One
Trog
Vehumet
Xom
Yredelemnul
Zin

Shops:
D:7: / D:10: ?/

Portals:
Ziggurat: D:10 (3610 gp)

Annotations
Lair:3 nooodl's ghost, powerful MiBe


Innate Abilities, Weirdness & Mutations

You are too large for most types of armour.
You have claws for hands.
Your metabolism is lightning-fast.
You like to eat raw meat.
You heal very quickly.
You can eat rotten meat.
You are covered in fur (AC +1).
You have very tough skin (AC +2).


Message History

You hit nooodl's ghost, but do no damage. nooodl's ghost is moderately damaged. nooodl's ghost hits you!
You hit nooodl's ghost. nooodl's ghost is moderately damaged.
The naga moves out of view. nooodl's ghost hits you!
* * * LOW HITPOINT WARNING * * *
Casting: Shroud of Golubria
Confirm with . or Enter, or press ? or * to list all spells.
You don't have enough magic to cast that spell.
Quiver which item? (- for none, * to show all) (? for menu, Esc to quit)
Okay, then.
Drink which item? (? for menu, Esc to quit)
You feel much better. nooodl's ghost hits you!
* * * LOW HITPOINT WARNING * * *
Unknown command.
Read which item? (? for menu, Esc to quit)
As you read the scroll of teleportation, it crumbles to dust.
You feel strangely unstable. nooodl's ghost hits you!
You die...

..# ...... #...... #.....#
. ##.....##### #
#######f.....#.#.##.####..
.................p%N......
................@##.##....
...........P....## N#
##..........##### .#
<.#........f# #
..+.##....ff#
..#.f###..f## ..+.###....#
P.#.####...P#
....#f#.....#


You could see a naga and nooodl's ghost.

Vanquished Creatures
  Gastronok (D:8)
  Pikel (D:6)
  Joseph (D:9)
  3 hill giants
  A cyclops (D:11)
  Maurice (D:9)
  A black mamba (Lair:2)
  An elephant slug (D:11)
  2 spiny frogs (Lair:2)
  An elephant (D:11)
  A queen bee (Lair:1)
  A troll (D:9)
  A basilisk (Lair:1)
  3 sharks (Lair:2)
  6 yaks
  A hippogriff (Lair:1)
  Edmund (D:9)
  A phantom (D:10)
  A necrophage (D:11)
  A manticore (D:11)
  4 orc warriors
  2 slaves (D:6)
  A sky beast (D:9)
  7 ogres
  6 centaurs
  A naga (Lair:3)
  13 giant frogs
  A wolf (Lair:3)
  2 crocodiles
  A big kobold (D:11)
  A giant slug (Lair:2)
  4 water moccasins
  5 agate snails
  29 killer bees (Lair:1)
  7 electric eels (Lair:2)
  A goliath beetle (D:9)
  2 big kobold skeletons
  6 crimson imps
  5 hounds
  5 big fish (Lair:2)
  Crazy Yiuf (D:5)
  3 orc priests
  9 worker ants
  3 porcupines
  3 iguanas
  8 orc wizards
  4 scorpions
  A sheep (D:11)
  3 jellies
  Terence (D:2)
  5 gnolls
  3 giant centipedes
  12 snakes
  2 snake zombies
  3 worms
  2 giant mites
  6 giant eyeballs
  6 giant geckos
  2 oozes
  35 orcs
  10 goblins
  16 hobgoblins
  27 kobolds
  14 quokkas
  20 bats
  4 giant cockroaches
  A giant gecko skeleton (D:7)
  6 giant newts
  A giant spore (D:8)
  17 jackals
  A jackal skeleton (D:6)
  An orc skeleton (D:6)
  19 rats
  3 ballistomycetes (D:8)
  A fungus (D:11)
  A plant (D:8)
387 creatures vanquished.

Vanquished Creatures (others)
  An orc wizard (D:5)
  A quokka (Lair:2)
  A jackal (D:2)
  27 toadstools
30 creatures vanquished.

Grand Total: 417 creatures vanquished

Notes
Turn   | Place    | Note
--------------------------------------------------------------
     0 | D:1      | vogonpoet, the Troll Earth Elementalist, began the quest for the Orb.
     0 | D:1      | Reached XP level 1. HP: 16/16 MP: 3/3
   323 | D:1      | Reached skill level 3 in Earth Magic
   465 | D:1      | Reached skill level 1 in Unarmed Combat
   465 | D:1      | Reached XP level 2. HP: 18/24 MP: 3/3
   487 | D:1      | Learned a level 2 spell: Stoneskin
  1014 | D:2      | Found a white marble altar of Elyvilon.
  1222 | D:2      | Reached XP level 3. HP: 31/31 MP: 4/4
  1261 | D:2      | Reached skill level 1 in Transmutations
  1408 | D:2      | Found an iron altar of Okawaru.
  1475 | D:2      | Noticed Terence
  1606 | D:2      | Defeated Terence
  2012 | D:3      | Reached skill level 4 in Earth Magic
  2012 | D:3      | Reached XP level 4. HP: 26/39 MP: 2/5
  2362 | D:3      | Reached XP level 5. HP: 32/45 MP: 5/5
  2778 | D:4      | Reached skill level 5 in Unarmed Combat
  3103 | D:4      | Reached XP level 6. HP: 53/53 MP: 1/6
  3545 | D:5      | Entered Level 5 of the Dungeon
  3637 | D:5      | Upgraded the game from 0.10-a0-1614-gaacbd52 to 0.10-a0-1652-gc8c97c5
  3697 | D:5      | Reached skill level 6 in Unarmed Combat
  3944 | D:5      | Got an ichor-stained buckler
  4044 | D:5      | Paralysed by a giant eyeball for 4 turns
  4051 | D:5      | Paralysed by a giant eyeball for 4 turns
  4580 | D:5      | Noticed Crazy Yiuf
  4589 | D:5      | Defeated Crazy Yiuf
  4589 | D:5      | Reached XP level 7. HP: 41/59 MP: 4/6
  4706 | D:6      | Reached skill level 7 in Unarmed Combat
  5045 | D:6      | Noticed Pikel
  5079 | D:6      | Defeated Pikel
  5079 | D:6      | Reached skill level 1 in Stabbing
  5079 | D:6      | Reached skill level 8 in Unarmed Combat
  5079 | D:6      | Reached skill level 5 in Earth Magic
  5079 | D:6      | Reached XP level 8. HP: 26/67 MP: 7/7
  5458 | D:7      | Found a staircase to the Ecumenical Temple.
  5468 | D:7      | Paralysed by a giant eyeball for 4 turns
  5479 | D:7      | Paralysed by a giant eyeball for 3 turns
  5500 | D:7      | Reached skill level 9 in Unarmed Combat
  5513 | D:7      | Reached skill level 1 in Fighting
  5528 | Temple   | Entered the Ecumenical Temple
  5532 | Temple   | Learned a level 2 spell: Blink
  5605 | Temple   | Became a worshipper of Cheibriados the Contemplative
  5687 | D:7      | Found a shattered altar of Ashenzari.
  5695 | D:7      | Got an inconspicuous book
  5714 | D:7      | Identified Ashenzari's Papyrus of Culinary Necromancy (You found it on level 7 of the Dungeon)
  5734 | D:7      | Found a sparkling altar of Nemelex Xobeh.
  6019 | D:7      | Found a staircase to the Orcish Mines.
  6097 | D:7      | Acquired Cheibriados's first power
  6207 | D:7      | Found Soqugig's Magical Wand Boutique.
  6208 | D:7      | Found a glowing golden altar of the Shining One.
  6553 | D:8      | Reached XP level 9. HP: 75/75 MP: 6/9
  6640 | D:8      | Paralysed by a giant eyeball for 3 turns
  6660 | D:8      | Reached skill level 10 in Unarmed Combat
  6660 | D:8      | Reached skill level 1 in Translocations
  6660 | D:8      | Reached skill level 1 in Invocations
  6708 | D:8      | Paralysed by a giant eyeball for 4 turns
  6930 | D:8      | Noticed Gastronok
  6950 | D:8      | Defeated Gastronok
  7045 | D:8      | Found a deep blue altar of Sif Muna.
  7217 | D:8      | Learned a level 2 spell: Shroud of Golubria
  7235 | D:8      | Found a blossoming altar of Fedhas.
  7472 | D:9      | Noticed Maurice
  7511 | D:9      | Defeated Maurice
  7511 | D:9      | Reached XP level 10. HP: 83/85 MP: 7/11
  7711 | D:9      | Reached skill level 1 in Charms
  8001 | D:9      | Reached skill level 11 in Unarmed Combat
  8131 | D:9      | Noticed Edmund
  8140 | D:9      | Defeated Edmund
  8496 | D:9      | Noticed Joseph
  8510 | D:9      | Defeated Joseph
  8536 | D:9      | Acquired Cheibriados's second power
  8742 | D:10     | Entered Level 10 of the Dungeon
  8795 | D:10     | Found Miupubi's Magical Wand Shop.
  8925 | D:10     | Found Lukhukk's Magic Scroll Shop.
  8942 | D:10     | Paralysed by a giant eyeball for 2 turns
  8946 | D:10     | Paralysed by a giant eyeball for 4 turns
  8952 | D:10     | Paralysed by a giant eyeball for 3 turns
  8957 | D:10     | Paralysed by a giant eyeball for 4 turns
  8964 | D:10     | HP: 4/87 [hill giant/giant club (22)]
  9150 | D:10     | Bought a scroll of fear for 56 gold pieces
  9150 | D:10     | Bought a scroll of blinking for 88 gold pieces
  9205 | D:10     | Found a gateway to a ziggurat.
  9444 | D:10     | Acquired Cheibriados's third power
  9462 | D:10     | Paralysed by a giant eyeball for 4 turns
  9578 | D:10     | Upgraded the game from 0.10-a0-1652-gc8c97c5 to 0.10-a0-1668-gf1eeef9
  9813 | D:10     | Learned a level 3 spell: Stone Arrow
  9851 | D:11     | Reached XP level 11. HP: 93/93 MP: 14/14
 10383 | D:11     | Noticed an agate snail
 10413 | D:11     | Reached skill level 12 in Unarmed Combat
 10433 | D:11     | Defeated an agate snail
 10442 | D:11     | Found a staircase to the Lair.
 10723 | D:11     | Reached skill level 5 in Invocations
 11024 | Lair:1   | Entered Level 1 of the Lair of Beasts
 11542 | Lair:1   | Acquired Cheibriados's fourth power
 11608 | Lair:1   | Found a bloodstained altar of Trog.
 11813 | Lair:1   | Reached skill level 1 in Throwing
 11813 | Lair:1   | Reached skill level 13 in Unarmed Combat
 13793 | Lair:3   | Reached skill level 1 in Armour
 13798 | Lair:3   | Noticed nooodl's ghost (powerful MiBe)
 13810 | Lair:3   | HP: 2/93 [nooodl's ghost (28)]
 13813 | Lair:3   | Mangled by nooodl's ghost
